 Dungeon Crawl Stone Soup version 0.26.0-10-g1f06aea511 (webtiles) character file.

Game seed: 6002463566972680234

16915 xSliceyx the Thaumaturge (level 12, -7/64 HPs)
             Began as a Deep Elf Conjurer on Jan 12, 2021.
             Was a Priest of Vehumet.
             Mangled by a five-headed hydra (13 damage)
             ... on level 11 of the Dungeon on Jan 13, 2021.
             The game lasted 01:42:47 (17372 turns).

xSliceyx the Thaumaturge (Deep Elf Conjurer)       Turns: 17372, Time: 01:42:50

Health: -7/64      AC:  7    Str:  4    XL:     12   Next: 14%
Magic:  7/41       EV: 20    Int: 35    God:    Vehumet [***...]
Gold:   1056       SH:  5    Dex: 13    Spells: 21/39 levels left

rFire    . . .     SeeInvis .   d - staff of conjuration
rCold    + . .     Faith    .   (no shield)
rNeg     . . .     Spirit   .   c - +2 robe {rC+}
rPois    .         Reflect  +   E - +0 helmet
rElec    .         Harm     .   V - +0 cloak
rCorr    .         Rampage  .   U - +0 pair of gloves
Will     +....                  (no boots)
Stlth    ++........             L - amulet of reflection
HPRegen  0.20/turn              i - +6 ring of intelligence
MPRegen  0.27/turn              N - ring of magical power

@: studying Stealth
A: no striking features
a: Renounce Religion


You were on level 11 of the Dungeon.
You worshipped Vehumet.
Vehumet was most pleased with you.
You visited 3 branches of the dungeon, and saw 14 of its levels.
You also visited: Sewer and Bailey.

You collected 1056 gold pieces.

Inventory:

Hand Weapons
 F - the +4 hand axe "Wudduefa" {pain, rF++ rN+ Int-3}
   (You found it on level 6 of the Dungeon)

   In the hands of one skilled in necromantic magic, it inflicts extra damage on
   living creatures.
   It affects your intelligence (-3).
   It greatly protects you from fire.
   It protects you from negative energy.
Armour
 c - a +2 robe of cold resistance (worn)
 E - a +0 helmet (worn)
 G - a +0 buckler
 U - a +0 pair of gloves (worn)
 V - a +0 cloak (worn)
Magical Staves
 d - an uncursed staff of conjuration (weapon)
Jewellery
 i - a +6 ring of intelligence (left hand)
 L - an amulet of reflection (around neck)
 N - a ring of magical power (right hand)
Wands
 v - a wand of paralysis (16)
 X - a wand of acid (6)
 Z - a wand of digging (5)
Scrolls
 g - 6 scrolls of remove curse
 m - 5 scrolls of teleportation
 r - 3 scrolls of fear
 t - 3 scrolls of fog
 I - 3 scrolls of summoning
 Y - 2 scrolls of blinking
Potions
 a - a potion of mutation {unknown}
 b - 5 potions of flight
 j - 2 potions of ambrosia {unknown}
 k - 6 potions of heal wounds
 l - 2 potions of lignification {unknown}
 n - 2 potions of magic
 u - a potion of degeneration {unknown}
 z - 8 potions of curing
 A - 3 potions of haste
 B - a potion of resistance {unknown}
 H - a potion of invisibility {unknown}
 K - 2 potions of brilliance {unknown}
 R - a potion of cancellation {unknown}
Books
 O - a manual of Stealth
Miscellaneous
 W - a condenser vane


   Skills:
 - Level 3.0 Fighting
 + Level 13.0 Dodging
 - Level 2.4 Stealth
 + Level 14.2 Spellcasting
 + Level 12.6 Conjurations
 - Level 5.0 Hexes


You had 21 spell levels left.
You knew the following spells:

 Your Spells              Type           Power        Failure   Level
a - Magic Dart            Conj           100%         0%          1
b - Searing Ray           Conj           100%         0%          2
c - Fulminant Prism       Conj/Hex       46%          1%          4
d - Blink                 Tloc           N/A          2%          2
e - Mephitic Cloud        Conj/Pois/Air  69%          1%          3
f - Slow                  Hex            56%          1%          2
g - Iskenderun's Mystic   Conj/Tloc      81%          1%          4

Your spell library contained the following spells:

 Spells                   Type           Power        Failure   Level
 Stone Arrow              Conj/Erth      100%         1%          3
 Beastly Appendage        Tmut           48%          1%          1
 Conjure Flame            Conj/Fire      81%          1%          3
 Dazzling Flash           Conj/Hex       100%         1%          3
 Call Imp                 Summ           24%          2%          2
 Passwall                 Tmut/Erth      20%          2%          2
 Wereblood                Tmut           24%          2%          2
 Spider Form              Tmut/Pois      12%          4%          3
 Ice Form                 Ice/Tmut       24%          16%         4
 Summon Mana Viper        Hex/Summ       42%          16%         5
 Blade Hands              Tmut           12%          41%         5
 Discord                  Hex            28%          100%        8


Dungeon Overview and Level Annotations

Branches:
Dungeon (11/15)            Temple (1/1) D:7            Lair (2/6) D:8
  Sewer (visited)          Bailey (visited)
  Swamp: Lair:2-4    Shoals: Lair:2-4     Snake: Lair:2-4    Spider: Lair:2-4
    Orc: D:9-12

Altars:
Ashenzari
Cheibriados
Dithmenos
Elyvilon
Fedhas
Gozag
Hepliaklqana
Kikubaaqudgha
Makhleb
Nemelex Xobeh
Qazlal
Ru
Sif Muna
Trog
Uskayaw
Vehumet
Wu Jian
Xom
Yredelemnul
Zin
The Shining One

Shops:
D:5 [

Annotations:
Lair:2 2 transporters, Sirue's ghost, journeyman MfWr


Message History

Press: ? - help, Shift-Dir - straight line, f - five-headed hydra
Aim: a five-headed hydra (6% to evade)
You feel a surge of power!
The searing ray hits the five-headed hydra!
The five-headed hydra is lightly wounded. (Press . to maintain the ray.)
Your fulminant prism crackles loudly.
The searing ray hits the five-headed hydra!
The five-headed hydra is moderately wounded.
Your fulminant prism explodes!
The blast of energy engulfs the five-headed hydra!!
The five-headed hydra is heavily wounded.
You hear a bellow! x3
The five-headed hydra completely misses you.
The five-headed hydra bites you!
* * * LOW HITPOINT WARNING * * *
The five-headed hydra barely misses you.
The five-headed hydra bites you but does no damage.
The five-headed hydra bites you!
You die...

..# ###..# .
#.. ..... ..
#)[##.#..
##.#.).....
.......... ####
#.#......#.....
#.....D†.......
......Z@>......
......#........
..... B........
.... .#/......(
### #.##.......
. ....... ##
....... #######


You could see a boulder beetle (slow), a five-headed hydra and a hound skeleton.

Vanquished Creatures
  Fannar (Lair:1)
  A catoblepas (Lair:2)
  A two-headed ogre (D:10)
  5 orc knights (Bailey)
  4 cane toads
  2 trolls
  4 blink frogs (Lair:1)
  2 hornets
  The ghost of Nolbo the Changer, an amateur OpTm (D:4)
  A yak (D:8)
  2 wyverns (Lair:1)
  A basilisk (Lair:1)
  A naga (Lair:2)
  7 water moccasins
  The ghost of fearitself the Conjurer, an amateur VSCj (D:3)
  10 orc warriors
  3 ice beasts
  2 sky beasts (D:7)
  4 black bears
  2 phantoms
  3 necrophages
  5 ogres
  3 wolves (Lair:1)
  4 centaurs
  3 big kobolds
  16 bullfrogs
  2 gnoll sergeants
  9 scorpions
  11 killer bees
  9 wights
  3 howler monkeys (D:10)
  An electric eel (Lair:1)
  A centaur zombie (D:6)
  A quasit (D:9)
  4 hounds
  5 jellies
  2 bullfrog skeletons (D:10)
  6 orc priests
  A centaur skeleton (D:6)
  3 gnoll shamans
  12 orc wizards
  6 iguanas
  2 merfolk sirens (Sewer)
  6 worker ants
  A merfolk avatar (Sewer)
  A centaur simulacrum (D:4)
  A bullfrog simulacrum (D:4)
  A hound skeleton (D:7)
  2 worker ant zombies
  67 gnolls
  10 adders
  A howler monkey skeleton (D:4)
  A shadow imp (D:5)
  8 white imps
  An ufetubus (D:9)
  An ooze (D:4)
  An adder skeleton (D:4)
  5 worms
  3 dart slugs
  An adder simulacrum (D:4)
  18 leopard geckos
  67 orcs
  6 ball pythons
  10 giant cockroaches
  12 goblins
  8 hobgoblins
  22 jackals
  4 quokkas
  9 bats
  6 frilled lizards
  2 giant cockroach simulacra (D:4)
  A jackal zombie (D:4)
  16 kobolds
  A leopard gecko skeleton (D:4)
  29 rats
489 creatures vanquished.

Vanquished Creatures (others)
  54 fulminant prisms
  45 fungi
  55 plants
  4 toadstools (D:7)
158 creatures vanquished.

Grand Total: 647 creatures vanquished

Notes
Turn   | Place    | Note
-------+----------+-------------------------------------------
     0 | D:1      | xSliceyx the Deep Elf Conjurer began the quest for the Orb.
     0 | D:1      | Reached XP level 1. HP: 10/10 MP: 6/6
   347 | D:1      | Reached XP level 2. HP: 6/15 MP: 2/8
   800 | D:1      | Learned a level 2 spell: Searing Ray
  1272 | D:2      | Reached XP level 3. HP: 19/19 MP: 2/10
  1494 | D:2      | Reached skill level 4 in Spellcasting
  1496 | D:2      | Reached skill level 5 in Conjurations
  1550 | D:2      | Reached XP level 4. HP: 24/24 MP: 6/12
  2107 | D:3      | Found a glowing drain.
  2137 | Sewer    | Entered a sewer
  2250 | Sewer    | Reached XP level 5. HP: 28/28 MP: 12/14
  2475 | Sewer    | Reached skill level 5 in Spellcasting
  3259 | D:3      | Reached XP level 6. HP: 32/32 MP: 11/16
  3340 | D:3      | Found a transporter.
  3341 | D:3      | Found a transporter.
  3536 | D:3      | Reached skill level 5 in Dodging
  3879 | D:3      | Noticed fearitself's ghost (amateur VSCj)
  3993 | D:3      | Learned a level 4 spell: Fulminant Prism
  4154 | D:4      | Reached skill level 6 in Spellcasting
  4236 | D:4      | Reached XP level 7. HP: 36/36 MP: 11/18
  4822 | D:4      | Noticed Nolbo's ghost (amateur OpTm)
  5058 | D:4      | Found a runed translucent gate.
  5058 | D:4      | Found a runed translucent gate.
  5058 | D:4      | Found a runed translucent gate.
  5194 | D:5      | Entered Level 5 of the Dungeon
  5236 | D:5      | Found Soeram's Antique Armour Shop.
  5327 | D:5      | Reached skill level 7 in Spellcasting
  6042 | D:5      | Reached XP level 8. HP: 27/41 MP: 9/21
  6159 | D:5      | Learned a level 2 spell: Blink
  6163 | D:5      | Learned a level 3 spell: Mephitic Cloud
  6166 | D:5      | Learned a level 2 spell: Slow
  6236 | D:5      | Reached skill level 1 in Hexes
  6769 | D:6      | Reached skill level 8 in Spellcasting
  7508 | D:6      | Reached skill level 9 in Spellcasting
  7508 | D:6      | Reached XP level 9. HP: 45/45 MP: 15/24
  8113 | D:6      | Reached skill level 5 in Hexes
  8971 | D:6      | Got a warped hand axe
  8972 | D:6      | Identified the +4 hand axe "Wudduefa" {pain, rF++ rN+
                  | Int-3} (You found it on level 6 of the Dungeon)
  9023 | D:7      | Reached skill level 10 in Spellcasting
  9249 | D:7      | Found a flagged portal.
  9293 | Bailey   | Entered a bailey
  9384 | Bailey   | Upgraded the game from 0.26.0-7-g794d0892b4 to
                  | 0.26.0-10-g1f06aea511
  9390 | Bailey   | Learned a level 4 spell: Iskenderun's Mystic Blast
  9634 | Bailey   | Noticed an orc knight
  9634 | Bailey   | Noticed an orc knight
  9635 | Bailey   | Noticed an orc knight
  9645 | Bailey   | Killed an orc knight
  9646 | Bailey   | Reached skill level 10 in Dodging
  9646 | Bailey   | Reached skill level 11 in Spellcasting
  9646 | Bailey   | Reached skill level 10 in Conjurations
  9646 | Bailey   | Reached XP level 10. HP: 50/50 MP: 11/27
  9648 | Bailey   | Killed an orc knight
  9648 | Bailey   | Killed an orc knight
  9827 | Bailey   | Noticed an orc knight
  9839 | Bailey   | Killed an orc knight
  9848 | Bailey   | Noticed an orc knight
  9859 | Bailey   | Killed an orc knight
 10549 | D:7      | Found a staircase to the Ecumenical Temple.
 10622 | Temple   | Entered the Ecumenical Temple
 10741 | Temple   | Became a worshipper of Vehumet
 11176 | D:3      | Paralysed by a gnoll for 2 turns
 11278 | D:3      | Killed fearitself's ghost
 11279 | D:3      | Reached skill level 12 in Spellcasting
 11547 | D:4      | Killed Nolbo's ghost
 11548 | D:4      | Reached skill level 1 in Fighting
 11836 | D:8      | Reached * piety under Vehumet
 11836 | D:8      | Offered knowledge of Sandblast by Vehumet.
 11949 | D:8      | Reached XP level 11. HP: 57/57 MP: 9/29
 12154 | D:8      | Found a sacrificial altar of Ru.
 12219 | D:8      | Found a staircase to the Lair.
 12892 | D:9      | Identified the Almanac of Moulding and the Oath
 13585 | D:9      | Found a snail-covered altar of Cheibriados.
 13722 | D:10     | Entered Level 10 of the Dungeon
 13754 | D:10     | Offered knowledge of Foxfire by Vehumet.
 13759 | D:10     | Reached ** piety under Vehumet
 13765 | D:10     | Noticed a two-headed ogre
 14074 | D:10     | Killed a two-headed ogre
 14075 | D:10     | Reached skill level 13 in Spellcasting
 14341 | D:10     | Offered knowledge of Stone Arrow by Vehumet.
 15044 | Lair:1   | Entered Level 1 of the Lair of Beasts
 15478 | Lair:1   | Reached *** piety under Vehumet
 15600 | Lair:1   | You fall into a shaft and drop 1 floor!
 15905 | Lair:2   | Noticed Sirue's ghost (journeyman MfWr)
 15930 | Lair:2   | Found a transporter.
 15933 | Lair:2   | Found a transporter.
 15972 | Lair:2   | Noticed a catoblepas
 15984 | Lair:2   | Killed a catoblepas
 16162 | Lair:2   | Reached skill level 14 in Spellcasting
 16162 | Lair:2   | Reached XP level 12. HP: 64/64 MP: 32/32
 16356 | Lair:1   | Noticed Fannar
 16483 | Lair:1   | Killed Fannar
 16744 | Lair:1   | Identified a scroll of acquirement
 16792 | Lair:1   | Acquired an uncursed staff of conjuration
 17337 | D:11     | Noticed a boulder beetle
 17365 | D:11     | Noticed a five-headed hydra
 17372 | D:11     | Mangled by a five-headed hydra

Illustrated notes

Levels and vault maps discovered:
D:1:      sevenhm_arrival_forest_fort_large_4, layout_rooms
D:2:      layout_basic
D:3:      layout_rooms, gammafunk_ghost_gnarly_gnolls, portal_sewer_entry_f,
          minmay_fractal_squares_gapless_5
D:4:      layout_basic, gammafunk_ghost_icy
D:5:      layout_gridville, serial_shops, shop
D:6:      lemuel_castle_with_subvaults [lemuel_castle_interior_original],
          layout_cave_pools
D:7:      layout_rooms, minmay_temple_entry_mini_moons,
          lightli_bailey_entry_fortress, grunt_ministairs_3,
          minmay_gold_behind_fungi
D:8:      layout_rooms, kennysheep_little_box, due_lair_maze_entry_diamond,
          st_stairs_2
D:9:      layout_loops_corners, basic_altar, minmay_mirror_moons_of_madness
D:10:     layout_cave_pods
D:11:     layout_rooms, portal_ice_cave_demonic_guard, serial_curves,
          eino_curves_04, eino_curves_02
Temple:   roderic_octagonal_lattice_temple
Lair:1:   layout_roguey, lemuel_fruit_tree, infiniplex_staircase_pool,
          uniq_fannar
Lair:2:   layout_small_grid, minmay_snake_entry_guardpost_large,
          gammafunk_ghost_hive, grunt_megastairs_3

Skill      XL: |  1  2  3  4  5  6  7  8  9 10 11 12 |
---------------+-------------------------------------+-----
Dodging        | 3 4 5 6 8 10 11 12 13 | 13.0
Spellcasting   | 4 5 6 7 9 11 12 14 | 14.2
Conjurations   | 5 6 7 8 10 11 12 | 12.6
Hexes          | 4 5 |  5.0
Fighting       | 1 3 |  3.0
Stealth        | |  2.4

Action                   |  1- 3 |  4- 6 |  7- 9 | 10-12 || total
-------------------------+-------+-------+-------+-------++-------
Melee: Whip              |     3 |       |       |       ||     3
       Spear             |       |    41 |       |       ||    41
       Scimitar          |       |       |     3 |       ||     3
       Hand axe          |       |       |     5 |     2 ||     7
 Cast: Magic Dart        |    49 |    98 |   191 |    86 ||   424
       Searing Ray       |     4 |    26 |    91 |   115 ||   236
       Fulminant Prism   |       |       |    15 |    39 ||    54
       Slow              |       |       |     1 |     2 ||     3
       Blink             |       |       |       |     2 ||     2
       Iskenderun's Myst |       |       |       |     3 ||     3
  Use: Scroll            |       |     4 |     1 |    21 ||    26
       Potion            |       |     2 |       |       ||     2
 Stab: Sleeping          |       |     1 |       |       ||     1
Armor: Robe              |       |    20 |    14 |    16 ||    50
Dodge: Dodged            |     3 |    59 |    40 |    87 ||   189
Block: Other             |       |       |       |    27 ||    27
       Reflection        |       |       |       |     5 ||     5
       Rpst.: Scimitar   |       |       |     3 |       ||     3
       Long sword        |       |       |     1 |       ||     1
